 Dungeon Crawl Stone Soup version 0.29.0-15-g675c0067aa (webtiles) character file.

Game seed: 11103178983986138661

154 qw the Chopper (level 5, 0/45 HPs)
             Began as a Minotaur Berserker on Sept 11, 2022.
             Was a Believer of Trog.
             Succumbed to an orc priest's poison
             ... on level 3 of the Dungeon.
             The game lasted 00:00:38 (2005 turns).

qw the Chopper (Minotaur Berserker)                 Turns: 2005, Time: 00:00:38

Health: 0/45       AC:  5    Str: 30    XL:     5   Next: 13%
Magic:  4/4        EV: 11    Int:  4    God:    Trog [**....]
Gold:   140        SH:  0    Dex: 13    Spells: 4/4 levels left

rFire   + . .      SeeInvis .   Y - +4 hand axe
rCold   + + .      Faith    .   (no shield)
rNeg    . . .      Spirit   .   e - +0 ring mail
rPois   .          Reflect  .   (helmet restricted)
rElec   .          Harm     .   (no cloak)
rCorr   .          Rampage  .   (no gloves)
Will    .....                   (no boots)
Stlth   +.........              (no amulet)
HPRegen 0.15/turn               f - ring of protection from cold
MPRegen 0.09/turn               a - ring "Pecokoor" {Fly rF+ rC+ Str+6 Dex+4}

@: lethally poisoned (0 -> -20), on berserk cooldown, flying, slowed, very slow
A: horns 2, retaliatory headbutt
a: Renounce Religion, Berserk, Trog's Hand


You were on level 3 of the Dungeon.
You worshipped Trog.
Trog was pleased with you.
You visited 1 branch of the dungeon, and saw 3 of its levels.

You collected 140 gold pieces.


Innate Abilities, Weirdness & Mutations

You have a pair of horns on your head.
You reflexively headbutt those who attack you in melee.


   Skills:
 - Level 3.6 Fighting
 + Level 6.9 Axes
 - Level 1.0 Throwing
 - Level 2.4 Armour
 - Level 2.1 Dodging


You had 4 spell levels left.
You didn't know any spells.
Your spell library was empty.

Inventory:

Hand Weapons
 k - a +0 club
 Y - a +4 hand axe (weapon)
Missiles
 c - 3 javelins (quivered)
 m - 7 boomerangs
Armour
 e - a +0 ring mail (worn)
Jewellery
 a - the ring "Pecokoor" (right hand) {Fly rF+ rC+ Str+6 Dex+4}
   (You acquired it on level 1 of the Dungeon)

   [ring of strength]

   Str:       It affects your strength (+6).
   Dex:       It affects your dexterity (+4).
   rF:        It protects you from fire.
   rC:        It protects you from cold.
   Fly:       It grants you flight.
 f - a ring of protection from cold (left hand)
Scrolls
 g - a scroll of identify
Potions
 d - a potion of mutation
 h - a potion of lignification {unknown}
 j - 2 potions of degeneration {unknown}

Dungeon Overview and Level Annotations

Branches:
Dungeon (3/15)

Altars:
Fedhas


Message History

You feel yourself slow down. The orc wizard barely misses you.
You hit the orc wizard. You headbutt the orc wizard.
The orc wizard is almost dead.
The orc wizard misses you. The orc wizard barely misses you.
The orc priest calls upon Beogh to heal the orc wizard.
The orc wizard is healed somewhat.
You hit the orc wizard.
You headbutt the orc wizard, but do no damage.
The orc wizard is severely wounded.
The orc wizard gestures at you while chanting.
The magic dart hits you.
You slash the orc wizard!
You kill the orc wizard!
Trog accepts your kill.
Trog appreciates your killing of a magic user.
You have reached level 5!
You slash the orc priest! Your headbutt misses the orc priest.
The orc priest is heavily wounded.
The orc priest hits you but does no damage.
The orc priest hits you with a +0 dagger of venom.
You are poisoned.
You hit the orc priest. Your headbutt misses the orc priest.
The orc priest is severely wounded.
You feel very sick.
The orc priest hits you with a +0 dagger of venom.
You are lethally poisoned!
You barely miss the orc priest.
The orc priest is severely wounded.
You feel extremely sick. The orc priest barely misses you.
The orc priest begins to cast a cantrip, but forgets the words!
You hit the orc priest.
The orc priest is almost dead.
You feel very sick.
The orc priest hits you with a +0 dagger of venom.
You are more poisoned.
You hit the orc priest.
You kill the orc priest!
Trog accepts your kill.
You die...

#######(#(..
#..)@)......
##.####.....
#.# ... #.#
. #.# #.#
#.# #.# #.#
##


There were no monsters in sight!

Vanquished Creatures
  2 orc priests (D:3)
  An orc wizard (D:3)
  4 adders
  2 worms
  A dart slug (D:2)
  An orc (D:3)
  5 bats
  6 endoplasms
  A giant cockroach (D:2)
  3 goblins
  4 hobgoblins
  12 jackals
  2 kobolds (D:1)
  3 quokkas (D:1)
  2 ball pythons
  A frilled lizard (D:1)
  2 rats (D:2)
52 creatures vanquished.

Notes
Turn   | Place    | Note
-------+----------+-------------------------------------------
     0 | D:1      | qw the Minotaur Berserker began the quest for the Orb.
     0 | D:1      | Reached XP level 1. HP: 19/19 MP: 0/0
     0 | D:1      | 0 ||| qw: Version: 0.1-a-119-g272c26d
     0 | D:1      | 0 ||| qw: Game counter: 10703
     0 | D:1      | 0 ||| qw: Always use a shield: true
     0 | D:1      | 0 ||| qw: Do Orc after D:15 true
     0 | D:1      | 0 ||| qw: Do second Lair branch before Depths: true
     0 | D:1      | 0 ||| qw: Lair rune preference: random
     0 | D:1      | 0 ||| qw: Plans: Normal
     0 | D:1      | 0 ||| PLANNING D:1-11
   115 | D:1      | Reached skill level 4 in Axes
   199 | D:1      | Reached XP level 2. HP: 26/26 MP: 1/1
   206 | D:1      | Found a faded altar of an unknown god.
   601 | D:1      | Reached skill level 1 in Throwing
   877 | D:1      | 877 ||| DROPPING scarf of invisibility.
   878 | D:1      | 878 ||| UPGRADING to ring of protection from cold.
   879 | D:1      | 879 ||| READING scroll labelled ZANYB LOGG.
   882 | D:1      | 882 ||| READING scroll labelled JUCHEMP TODEUGOULI.
   882 | D:1      | Identified a scroll of acquirement
   882 | D:1      | 882 ||| ACQUIRING ring "Pecokoor" {Fly rF+ rC+ Str+6 Dex+4}
   882 | D:1      | Acquired the ring "Pecokoor" {Fly rF+ rC+ Str+6 Dex+4}
   884 | D:1      | 884 ||| UPGRADING to ring "Pecokoor" {Fly rF+ rC+ Str+6
                  | Dex+4}.
   885 | D:1      | 885 ||| READING 3 scrolls labelled MABIUVETOI.
   886 | D:1      | 886 ||| READING 2 scrolls of enchant weapon.
   886 | D:1      | 886 ||| ENCHANTING +1 hand axe.
   887 | D:1      | 887 ||| READING scroll of enchant weapon.
   887 | D:1      | 887 ||| ENCHANTING +2 hand axe.
   888 | D:1      | 888 ||| READING scroll labelled ITAHEHOR FOO.
   889 | D:1      | 889 ||| READING scroll labelled IMYSTR JORRU.
  1013 | D:2      | 1013 ||| STAIRDANCE
  1016 | D:1      | Reached XP level 3. HP: 28/31 MP: 2/2
  1017 | D:1      | Reached skill level 5 in Axes
  1086 | D:2      | 1086 ||| Stepping ~*~*~tactically~*~*~ (stealth).
  1092 | D:2      | 1092 ||| Stepping ~*~*~tactically~*~*~ (stealth).
  1094 | D:2      | 1094 ||| Stepping ~*~*~tactically~*~*~ (stealth).
  1129 | D:2      | Reached ** piety under Trog
  1156 | D:2      | 1156 ||| READING scroll of enchant weapon.
  1156 | D:2      | 1156 ||| ENCHANTING +3 hand axe.
  1162 | D:2      | 1162 ||| Stepping ~*~*~tactically~*~*~ (stealth).
  1232 | D:2      | 1232 ||| FLEEEEING.
  1233 | D:2      | 1233 ||| FLEEEEING.
  1234 | D:2      | 1234 ||| FLEEEEING.
  1235 | D:2      | 1235 ||| FLEEEEING.
  1249 | D:2      | 1249 ||| FLEEEEING.
  1267 | D:2      | 1267 ||| FLEEEEING.
  1268 | D:2      | 1268 ||| FLEEEEING.
  1269 | D:2      | 1269 ||| FLEEEEING.
  1343 | D:2      | 1343 ||| INVOKING Berserk.
  1479 | D:2      | 1479 ||| Stepping ~*~*~tactically~*~*~ (stealth).
  1481 | D:2      | 1481 ||| Stepping ~*~*~tactically~*~*~ (stealth).
  1483 | D:2      | Reached XP level 4. HP: 39/39 MP: 3/3
  1604 | D:2      | Found a blossoming altar of Fedhas.
  1811 | D:2      | 1811 ||| Stepping ~*~*~tactically~*~*~ (stealth).
  1812 | D:2      | 1812 ||| Stepping ~*~*~tactically~*~*~ (stealth).
  1813 | D:2      | 1813 ||| Stepping ~*~*~tactically~*~*~ (stealth).
  1815 | D:2      | 1815 ||| Stepping ~*~*~tactically~*~*~ (hiding).
  1818 | D:2      | 1818 ||| Stepping ~*~*~tactically~*~*~ (hiding).
  1905 | D:2      | 1905 ||| UPGRADING to +0 ring mail.
  1915 | D:2      | 1915 ||| DROPPING +0 animal skin.
  1916 | D:2      | 1916 ||| READING scroll labelled BISCHA OLISSOYS.
  1917 | D:2      | 1917 ||| READING 2 scrolls of identify.
  1917 | D:2      | 1917 ||| IDENTIFYING black potion
  1983 | D:3      | Reached skill level 6 in Axes
  1983 | D:3      | 1983 ||| INVOKING Berserk.
  2001 | D:3      | Reached XP level 5. HP: 29/45 MP: 4/4
  2003 | D:3      | HP: 11/45 [poisoned by an orc priest]
  2005 | D:3      | Succumbed to an orc priest's poison

Levels and vault maps discovered:
D:1:      lightli_arrival_chessboard, layout_loops_cross,
          hellmonk_ecumenical_altar_arch_garden, serial_bayou_pond_d
D:2:      layout_loops_ring, basic_altar
D:3:      layout_basic, kennysheep_slug_shrine, overflow_temple_1_default,
          st_stairs_3

Skill      XL: |  1  2  3  4 |
---------------+-------------+-----
Axes           | 4 5 6 |  6.9
Throwing       | 1 |  1.0
Fighting       | |  3.6
Armour         | |  2.4
Dodging        | |  2.1

Action                   |  1- 3 |  4- 6 || total
-------------------------+-------+-------++-------
Melee: Hand axe          |    74 |    25 ||    99
       Headbutt          |     6 |     2 ||     8
Throw: Javelin           |    13 |     8 ||    21
       Boomerang         |     1 |       ||     1
Invok: Berserk           |     1 |     1 ||     2
  Use: Scroll            |     8 |     2 ||    10
Armor: Animal skin       |    18 |     1 ||    19
       Ring mail         |       |     4 ||     4
Dodge: Dodged            |    45 |     8 ||    53

Table legend:
 A = Non-vault XP
 B = Vault XP
 C = Vault XP percentage of total XP
 D = Non-vault monster count
 E = Vault monster count
 F = Vault count percentage of total count
                 A         B        C        D         E       F
            +---------+---------+-------+---------+---------+-------
      Total |     265 |       0 |   0.0 |      52 |       0 |   0.0
            +---------+---------+-------+---------+---------+-------
        D:1 |      55 |       0 |   0.0 |      23 |       0 |   0.0
        D:2 |      53 |       0 |   0.0 |      20 |       0 |   0.0
        D:3 |     157 |       0 |   0.0 |       9 |       0 |   0.0
            +---------+---------+-------+---------+---------+-------
